Cogmind - Beta 16 @@@ ROGUE MODE // 2026.01.07 @ 21:02:29 Player: GiggleBox Result: Destroyed by Z-Imprinter with Zionite Laser-M Performance ------------- Evolutions (1) 500 Regions Visited (5) 1000 Robots Destroyed (85) 425 Value Destroyed (2014) 2014 Prototype IDs (10) 200 Alien Tech Used (0) 0 Bonus (300) 300 TOTAL SCORE: 4439 Bonus ------- Met Imprinter 300 Cogmind --------- Core Integrity 0/400 Matter 137/300 Energy 80/100 System Corruption 0% Temperature Cool (92) Movement Treading (200) Ox1 Location -7/Deep Caves Parts ------- > --- POWER (1) -------- (None) > --- PROPULSION (3) --- Light Treads > --- UTILITY (3) ------ Large Storage Unit > --- WEAPON (2) ------- Bore Cannon > --- INVENTORY (15) --- High-capacity Matter Pod (200) Seismic Detector Hacking Drone Bay Improved Assault Rifle Improved Assault Rifle Improved Assault Rifle Plasma Cutter CR-A16's Pointy Stick Peak State ------------ > --- POWER ------------ Heavy Ion Engine > --- PROPULSION ------- Light Treads Light Treads Light Treads > --- UTILITY ---------- Large Storage Unit Medium Armor Plating Shield Generator > --- WEAPON ----------- Guided Missile Launcher > --- INVENTORY -------- Light Treads Light Treads Improved Heat Sink High-capacity Matter Pod Seismic Detector Core Shielding Hacking Drone Bay Improved Assault Rifle Improved Assault Rifle Improved Assault Rifle Improved Assault Rifle Improved Assault Rifle Bore Cannon CR-A16's Pointy Stick Heavy Explosive Trap [Rating: 25] Favorites ----------- Power Heavy Ion Engine Engine Heavy Ion Engine Power Core Light Nuclear Core Propulsion Light Treads Treads Light Treads Leg Aluminum Leg Wheel Wheel Utility Large Storage Unit Device Seismic Detector Storage Large Storage Unit Protection Medium Armor Plating Weapon Improved Assault Rifle Energy Gun Small Laser Ballistic Gun Improved Assault Rifle Ballistic Cannon Bore Cannon Launcher Guided Missile Launcher Special Weapon Mining Laser Piercing Weapon CR-A16's Pointy Stick Build | -11 -10 -9 -9 -7 -7 ------- Run | Yrd Mat Mat Min Zio Dee Slots Evolved 2 | . . 2 . . . Power . | . . . . . . Propulsion 1 | . . 1 . . . Utility 1 | . . 1 . . . Weapon . | . . . . . . Parts Attached 52 | 3 16 17 7 3 6 Power 5 | . 3 1 1 . . Engine 4 | . 2 1 1 . . Core 1 | . 1 . . . . Reactor . | . . . . . . Propulsion 20 | 2 6 9 1 . 2 Treads 10 | 2 . 5 1 . 2 Leg 7 | . 3 4 . . . Wheel 3 | . 3 . . . . Hover . | . . . . . . Flight . | . . . . . . Utility 11 | 1 3 3 3 . 1 Device 4 | 1 2 . 1 . . Storage 1 | . 1 . . . . Processor . | . . . . . . Hackware . | . . . . . . Protection 6 | . . 3 2 . 1 Artifact . | . . . . . . Weapon 16 | . 4 4 2 3 3 Energy Gun 3 | . 3 . . . . Energy Cannon . | . . . . . . Ballistic Gun 7 | . 1 3 1 . 2 Ballistic Cannon 1 | . . . . . 1 Launcher 2 | . . . 1 1 . Special Weapon 2 | . . 1 . 1 . Impact Weapon . | . . . . . . Slashing Weapon . | . . . . . . Piercing Weapon 1 | . . . . 1 . Special Melee Weapon . | . . . . . . Unidentified Prototypes 2 | . . 1 . 1 . Parts Lost 28 | . 12 1 4 . 11 Power 5 | . 3 . 1 . 1 Propulsion 10 | . 5 . 1 . 4 Utility 4 | . . . 1 . 3 Weapon 9 | . 4 1 1 . 3 Highest Loss Streak 11 | . 4 1 2 . 11 To Critical Strikes . | . . . . . . Average Backups 12 | 6 10 14 12 13 13 Power . | 1 1 1 . . . Propulsion 2 | 4 3 3 2 2 1 Utility 3 | . 3 3 4 4 3 Weapon 5 | 1 2 5 5 6 6 Tool/Special . | . . . . . . Unused Backups 22 | . 5 12 . 2 3 Power 4 | . 1 3 . . . Propulsion 4 | . 1 3 . . . Utility 8 | . 3 3 . . 2 Weapon 6 | . . 3 . 2 1 Tool/Special . | . . . . . . Average Slot Usage (%) 96 | . 98 99 99 89 85 Engine 11 | . 12 11 11 11 10 Treads 24 | . 8 26 33 33 30 Leg 5 | . 14 6 . . . Wheel 1 | . 4 . . . . Device 12 | . 14 13 11 11 10 Storage 11 | . 14 11 11 11 11 Protection 7 | . . 8 10 11 11 Energy Gun 5 | . 16 2 . . . Ballistic Gun 13 | . 11 18 21 4 2 Launcher 2 | . . . . 7 9 Peak Build Rating 25 | 7 11 20 19 25 25 Average Rating 16 | 6 8 17 18 21 23 On Entrance 13 | 6 7 8 18 19 25 Avg Prop Armor Cover (%) . | . . . . . . Naked Turns . | . . . . . . Heaviest Build 47 | 12 30 42 43 47 47 Greatest Support 60 | 40 40 60 60 60 60 Greatest Overweight (x) 2 | . 2 1 . . . Average Overweight (x) . | . . . . . . Largest Inventory Capacity 15 | 8 15 15 15 15 15 Average Capacity 14 | 8 13 15 15 15 15 Most Carried 15 | 6 15 15 15 15 15 Average Carried 13 | 6 10 14 14 14 13 Final Capacity 15 | 8 15 15 15 15 15 Final Carried 15 | 6 15 15 15 15 8 Class Distribution -------------------- 78% | Mutant 21% | Scavenger-Mutant Dominant Class ---------------- Mutant | -10/Materials Mutant | -9/Materials Mutant | -9/Mines Mutant | -7/Zion Mutant | -7/Deep Caves Resources | -11 -10 -9 -9 -7 -7 ----------- Run | Yrd Mat Mat Min Zio Dee Matter Collected 1784 | 237 571 633 333 10 . Remotely . | . . . . . . Salvage Created 2865 | 104 970 1306 485 . . Parts 191 | 7 56 99 29 . . Haulers Intercepted 7 | . 2 5 . . . Recyclers Shooed 1 | . . 1 . . . Parts Field Recycled . | . . . . . . Retrieved Matter . | . . . . . . Parts Self-Destructed . | . . . . . . Prevented . | . . . . . . Parts Restored . | . . . . . . Kills | -11 -10 -9 -9 -7 -7 ------- Run | Yrd Mat Mat Min Zio Dee Combat Hostiles Destroyed 60 | . 22 24 14 . . Guns 58 | . 22 24 12 . . AOE 2 | . . . 2 . . Classes Destroyed 11 | 2 6 2 1 . . Worker 3 | . 1 1 1 . . Builder 3 | . . 3 . . . Tunneler 3 | 2 . . 1 . . Hauler 7 | . 2 5 . . . Recycler 3 | 1 . 1 1 . . Operator 1 | . 1 . . . . Watcher 5 | . 1 4 . . . Swarmer 16 | . 3 7 6 . . Grunt 36 | . 19 12 5 . . Duelist 1 | . . . 1 . . Sentry 7 | . . 5 2 . . Z-Technician 5 | . . . . . 5 Best Kill Streak 6 | 2 5 6 4 . 5 Combat Bots Only 5 | . 5 4 3 . . Max Kills in Single Turn 5 | 1 1 2 2 . 5 Gunslinging 1 | . . 1 1 . . Exploded 1 | . . . 1 . . Melee . | . . . . . . Uniques/NPCs Destroyed . | . . . . . . Combat | -11 -10 -9 -9 -7 -7 -------- Run | Yrd Mat Mat Min Zio Dee Hostile Shots Fired 379 | . 137 97 85 . 60 Missed 88 | . 33 23 21 . 11 Hits 291 | . 104 74 64 . 49 Melee 4 | . . . 4 . . Projectile 287 | . 104 74 60 . 49 Critical Strikes 3 | . 2 1 . . . Damage Taken 4354 | . 1266 868 708 . 1512 Core 673 | . 240 111 67 . 255 Absorbed by Shields 167 | . . . 104 . 63 Redirected to Shielding 51 | . . . . . 51 Core Remaining (%) 52 | 100 4 . . . . Volleys Fired 259 | 7 104 93 40 . 15 Largest 2 | 2 2 2 2 . 2 Hottest 123 | 70 90 123 46 . 48 Shots Fired 487 | 14 198 177 76 . 22 Gun 465 | 14 198 166 72 . 15 Cannon 4 | . . . . . 4 Launcher 7 | . . . 4 . 3 Special 11 | . . 11 . . . Kinetic 298 | 7 65 135 72 . 19 Thermal 163 | 7 114 42 . . . Explosive 7 | . . . 4 . 3 Electromagnetic 19 | . 19 . . . . Robot Hit Streak 23 | 6 13 23 18 . 3 Robot Miss Streak 6 | 1 3 4 2 . 6 Penetration Max . | . . . . . . Secondary Targets 11 | . 3 5 3 . . Max Gunslinging Chain 1 | . 1 1 1 . . Shots Hit Robots 329 | 10 146 110 56 . 7 Core Hits 159 | 6 56 61 27 . 9 Critical Kills 1 | . . . 1 . . Critical Parts Destroyed 1 | . . . . . 1 Critical Strikes 5 | 1 2 . 1 . 1 Burn 3 | 1 2 . . . . Destroy 2 | . . . 1 . 1 Melee Attacks 1 | . . . . 1 . Impact . | . . . . . . Slashing . | . . . . . . Piercing 1 | . . . . 1 . Sneak Attacks . | . . . . . . Combat Hostiles . | . . . . . . Follow-up Attacks . | . . . . . . Damage Inflicted 6677 | 101 1617 1478 1099 . 2382 Guns 4109 | 101 1600 1450 840 . 118 Cannons 28 | . . . . . 28 Explosions 2458 | . . . 222 . 2236 Melee . | . . . . . . Ramming 82 | . 17 28 37 . . Kinetic 2612 | 40 390 1196 840 . 146 Thermal 3482 | 61 1047 254 . . 2120 Explosive 338 | . . . 222 . 116 Electromagnetic 163 | . 163 . . . . Impact . | . . . . . . Slashing . | . . . . . . Piercing . | . . . . . . Highest Corruption 1 | . 1 . . . . Average Corruption 1 | . 1 . . . . Corruption Purged . | . . . . . . Corruption Blocked . | . . . . . . Effects 4 | . 4 . . . . Message Errors 1 | . 1 . . . . Matter Fused 1 | . 1 . . . . Heat Flow Errors 1 | . 1 . . . . Energy Discharges 1 | . 1 . . . . Overload Shots . | . . . . . . Overflow Damage 306 | . . . . . 306 Projectiles . | . . . . . . Explosions 306 | . . . . . 306 Melee . | . . . . . . Knockbacks . | . . . . . . Impact . | . . . . . . Kinetic . | . . . . . . Secondary . | . . . . . . Self-Inflicted Damage . | . . . . . . Shots . | . . . . . . Rammed 14 | . 3 5 6 . . Targets Rammed 18 | . 5 6 7 . . Kicked 2 | . 2 . . . . Crushed 2 | . . 1 1 . . Highest Temperature 274 | 30 274 48 12 . 84 Average Temperature 33 | 16 45 11 4 . 45 Received Heat Transfer 1660 | . 663 333 244 . 420 Siege Activations . | . . . . . . Martial Activations . | . . . . . . Shielding Activations . | . . . . . . Robots Disrupted . | . . . . . . Combat Hostiles . | . . . . . . Robots Corrupted . | . . . . . . Combat Hostiles . | . . . . . . Parts Fried . | . . . . . . Impact Corruptions . | . . . . . . Robots Melted . | . . . . . . Combat Hostiles . | . . . . . . Parts Melted 3 | . 3 . . . . Heat Transferred 3736 | 259 2902 575 . . . Parts Sabotaged . | . . . . . . Parts Stolen . | . . . . . . Parts Stripped . | . . . . . . Power Chain Reactions . | . . . . . . Alert | -11 -10 -9 -9 -7 -7 ------- Run | Yrd Mat Mat Min Zio Dee Maximum Alert Level 1 | . . 1 . . . Low Security (%) 97 | 100 100 92 100 . . Level 1 2 | . . 7 . . . Level 2 . | . . . . . . Level 3 . | . . . . . . Level 4 . | . . . . . . Level 5 . | . . . . . . High Security . | . . . . . . Max Security . | . . . . . . Peak Influence 274 | 10 191 274 153 . . Initial 103 | . . . 103 . . Average 65 | . 63 73 58 . . Influence Increases 1919 | 15 717 817 370 . . Destroy 0b10 Robot/C 1200 | . 440 480 280 . . Destroy 0b10 Robot/NC 125 | 15 25 70 15 . . Destroy Leader 264 | . 106 118 40 . . Successful Hack 134 | . 25 109 . . . Select Force Hacks 90 | . 60 30 . . . Disable Machine 15 | . . . 15 . . Destroy Structure 31 | . 1 10 20 . . Lose Combat Pursuer 60 | . 60 . . . . Influence Decreases 1919 | 15 717 552 635 . . Entered New Map 162 | . . . 162 . . Time Decay 1444 | 15 454 542 433 . . Lost Part 170 | . 120 10 40 . . Purge Threat 143 | . 143 . . . . Squads Dispatched 7 | . 6 1 . . . Investigation 4 | . 3 1 . . . Extermination . | . . . . . . Reinforcement 3 | . 3 . . . . Assault . | . . . . . . Garrison . | . . . . . . Intercept . | . . . . . . Searches Triggered . | . . . . . . Construction Impeded . | . . . . . . Haulers Reinforced . | . . . . . . Active Scanning Responses . | . . . . . . Cargo Convoy Interrupts . | . . . . . . Stealth | -11 -10 -9 -9 -7 -7 --------- Run | Yrd Mat Mat Min Zio Dee Distress Signals 9 | . 5 3 1 . . Communications Jammed . | . . . . . . Distress Signals . | . . . . . . Times Spotted 94 | . 42 36 13 . 3 Peak Tracking Total 7 | . 7 4 4 . 3 Tactical Retreats 3 | . 3 . . . . Traps | -11 -10 -9 -9 -7 -7 ------- Run | Yrd Mat Mat Min Zio Dee Traps Triggered 4 | . 3 1 . . . Indirectly . | . . . . . . Trap Hack Attempts . | . . . . . . Triggered . | . . . . . . Disarmed . | . . . . . . Reprogrammed . | . . . . . . Reused 1 | . . . . . 1 Traps Extracted . | . . . . . . Installed 1 | . . . . . 1 Triggered . | . . . . . . Most Traps Carried 3 | . . . 3 3 1 Machines | -11 -10 -9 -9 -7 -7 ---------- Run | Yrd Mat Mat Min Zio Dee Machines Disabled 6 | . . . 1 3 2 Max in Single Turn 2 | . . . 1 1 2 Machines Repaired . | . . . . . . Machines Dismantled 3 | . . . . 3 . Machines Sabotaged . | . . . . . . Overloaded Fab Kills . | . . . . . . Hacking | -11 -10 -9 -9 -7 -7 --------- Run | Yrd Mat Mat Min Zio Dee Machines Accessed 18 | . 7 11 . . . Terminals 14 | . 5 9 . . . Fabricators . | . . . . . . Repair Stations . | . . . . . . Recycling Units 3 | . 2 1 . . . Scanalyzers 1 | . . 1 . . . Garrison Access . | . . . . . . Total Hacks 62 | . 17 45 . . . Successful 36 | . 7 29 . . . Failed 25 | . 10 15 . . . Catastrophic 4 | . 1 3 . . . Database Lockouts 1 | . . 1 . . . Manual 39 | . 14 25 . . . Terminals 57 | . 15 42 . . . Fabricators . | . . . . . . Repair Stations . | . . . . . . Recycling Units 3 | . 2 1 . . . Scanalyzers 2 | . . 2 . . . Garrison Access . | . . . . . . Terminal Hacks 20 | . 4 16 . . . Robot Schematic 1 | . 1 . . . . Robot Analysis 1 | . 1 . . . . Prototype ID Bank 4 | . 1 3 . . . Branch Access Points 2 | . . 2 . . . Terminal Index 1 | . . 1 . . . Recycling Unit Index 1 | . . 1 . . . Alert Level 2 | . . 2 . . . Unreport Threat 1 | . 1 . . . . Locate Traps 2 | . . 2 . . . Hauler Manifests 2 | . . 2 . . . Zone Layout 3 | . . 3 . . . Fabricator Hacks . | . . . . . . Repair Station Hacks . | . . . . . . Recycling Unit Hacks . | . . . . . . Scanalyzer 1 | . . 1 . . . Retrieve Study 1 | . . 1 . . . Garrison Access Hacks . | . . . . . . Unauthorized Hacks 15 | . 3 12 . . . Terminals 12 | . 1 11 . . . Botnet 5 | . 1 4 . . . Operators 1 | . . 1 . . . Skim 6 | . . 6 . . . Fabricators . | . . . . . . Repair Stations . | . . . . . . Recycling Units 3 | . 2 1 . . . Tunnel 3 | . 2 1 . . . Scanalyzers . | . . . . . . Garrison Access . | . . . . . . Data Cores Recovered . | . . . . . . Used . | . . . . . . Hacking Detections 13 | . 5 8 . . . Full Trace Events . | . . . . . . Feedback Events . | . . . . . . Feedback Blocked . | . . . . . . Robot Schematics Acquired 4 | . 1 . . 3 . Robots Built . | . . . . . . Authchips . | . . . . . . Time . | . . . . . . Total Robot Build Rating . | . . . . . . Part Schematics Acquired 16 | . . . . 16 . Parts Built . | . . . . . . Authchips . | . . . . . . Time . | . . . . . . Total Part Build Rating . | . . . . . . Part Studies Acquired 1 | . . 1 . . . Parts Repaired . | . . . . . . Time . | . . . . . . Parts Recycled . | . . . . . . Recycled Matter . | . . . . . . Retrieved Matter . | . . . . . . Retrieved Components . | . . . . . . Parts Scanalyzed . | . . . . . . Part Schematics Acquired . | . . . . . . Parts Damaged . | . . . . . . Bothacking | -11 -10 -9 -9 -7 -7 ------------ Run | Yrd Mat Mat Min Zio Dee Used RIF Installer . | . . . . . . Robots Hacked . | . . . . . . Non-combat . | . . . . . . Combat . | . . . . . . Robot Hacks Applied . | . . . . . . Relay Couplers Released . | . . . . . . Fabnet Peak Effective % . | . . . . . . Robots Rewired . | . . . . . . Allies Hacked . | . . . . . . Hacks Repelled . | . . . . . . Allies | -11 -10 -9 -9 -7 -7 -------- Run | Yrd Mat Mat Min Zio Dee Total Allies 1 | . . . 1 . . Largest Group 1 | . . . 1 1 . Highest-Rated Group 31 | . . . 31 31 . Highest-Rated Ally 31 | . . . 31 31 . Total Orders . | . . . . . . Ally Attacks . | . . . . . . Total Damage . | . . . . . . Kills . | . . . . . . Allies Corrupted . | . . . . . . Allies Melted . | . . . . . . Intel | -11 -10 -9 -9 -7 -7 ------- Run | Yrd Mat Mat Min Zio Dee Active Infowar (turns) 3354 | 8 1397 1794 155 . . Seismic 3354 | 8 1397 1794 155 . . Robot Analysis Total 1 | . 1 . . . . Derelict Logs Recovered 1 | . . . 1 . . Drone Launches . | . . . . . . Drone Recoveries . | . . . . . . Exploration | -11 -10 -9 -9 -7 -7 ------------- Run | Yrd Mat Mat Min Zio Dee Turns Passed 6928 | 71 1853 1794 1259 1729 222 Spaces Moved 3376 | 22 752 794 684 1012 112 Core . | . . . . . . Treads 2711 | 22 224 657 684 1012 112 Legs 430 | . 293 137 . . . Wheels 235 | . 235 . . . . Hover . | . . . . . . Flight . | . . . . . . Fastest Speed 95 | 160 95 120 160 160 160 Average Speed 158 | 160 153 158 160 160 160 Slowest Speed 260 | 160 260 190 160 160 160 Overloaded Moves . | . . . . . . Propulsion Burnouts . | . . . . . . Robots Hopped . | . . . . . . Potential Cave-ins . | . . . . . . Cave-ins Triggered . | . . . . . . Exploration Rate (%) 63 | 4 95 77 99 84 20 Regions Visited 5 Branch Regions 3 Pre-discovered Areas 4 | . 2 1 . 1 . Known Exits Taken 1 | . . 1 . . . Unknown Exits Taken 4 | 1 1 . 1 1 . Scrap Searched 4 | . . . 1 3 . Spaces Dug 28 | . . 9 19 . . Terrain Destroyed 45 | . . 11 28 . 6 Melee . | . . . . . . Projectile 11 | . . 11 . . . AOE 34 | . . . 28 . 6 Terrain Rammed . | . . . . . . Walls Destroyed . | . . . . . . Machines Disabled . | . . . . . . Actions | -11 -10 -9 -9 -7 -7 --------- Run | Yrd Mat Mat Min Zio Dee Total 4420 | 44 1261 1141 769 1070 135 Wait 566 | 13 350 173 22 8 . Move 3371 | 21 751 793 683 1011 112 Hop . | . . . . . . Pick Up 54 | . 23 19 6 6 . Fast Attach 10 | 1 2 4 . 3 . Attach 25 | . 10 3 4 2 6 Detach 2 | . . . . 2 . Swap 41 | 2 10 25 4 . . Drop 45 | . 6 25 3 10 1 Fire 259 | 7 104 93 40 . 15 Melee 1 | . . . . 1 . Ram . | . . . . . . Kick 2 | . 2 . . . . Crush 16 | . 3 6 7 . . Escape Stasis . | . . . . . . Rewire . | . . . . . . Trap 1 | . . . . . 1 Miscellaneous 27 | . . . . 27 . Route ------- -11/Scrapyard -10/Materials (discovered 5 exits: *Mat x3 / [*Min] / [*Sub]) -9/Materials (discovered 4 exits: *Mat x3 / *Min) -9/Mines (discovered 4 exits: *Mat x2 / [*Exi] / [*Zio]) -7/Zion -7/Deep Caves History --------- Turn | Location | Event 20 | -11/Scrapyard | Discovered new exit (range 3) 72 | -11/Scrapyard | Entered Materials 313 | -10/Materials | Build established: Mutant 549 | -10/Materials | Discovered new exit (range 12) 641 | -10/Materials | Core integrity fell below 50% 700 | -10/Materials | Lost 4 parts (1p2n1w) 764 | -10/Materials | Lost 3 parts (1n2w) 796 | -10/Materials | Discovered new exit (range 16) 1034 | -10/Materials | Core integrity fell below 20% 1313 | -10/Materials | Build established: Scavenger-Mutant 1390 | -10/Materials | Discovered new exit (range 14) 1475 | -10/Materials | Discovered new exit (range 12) 1595 | -10/Materials | Discovered new exit (range 10) 1916 | -10/Materials | Build established: Mutant 1925 | -10/Materials | Entered another Materials area 1925 | -9/Materials | Evolved 2 slots: Propulsion x1, Utility x1 2251 | -9/Materials | Build established: Scavenger-Mutant 2657 | -9/Materials | Build established: Mutant 2998 | -9/Materials | Discovered new exit (range 7) 3071 | -9/Materials | Identified exit to Mines 3184 | -9/Materials | Central database locked down 3239 | -9/Materials | Discovered new exit (range 8) 3520 | -9/Materials | Identified exit to Materials 3703 | -9/Materials | Learned Storage terminal intel 3719 | -9/Materials | Entered Mines 3851 | -9/Mines | Joined a pair of Derelicts in attacking an 0b10 outpost 3981 | -9/Mines | A Derelict revealed a hidden shortcut to a safe place 4299 | -9/Mines | Found a hidden stash of uninstalled traps 4607 | -9/Mines | Received a Rocket Launcher from a helpful Derelict 4636 | -9/Mines | Deemed a non-threat by the Exiles lab entrance 4636 | -9/Mines | Discovered new exit (range 5) 4750 | -9/Mines | Learned Materials garrison access intel 4756 | -9/Mines | Received a Mining Laser from a helpful Derelict 4978 | -9/Mines | Entered Zion 4978 | -7/Zion | Accompanied by 1 ally 5000 | -7/Zion | Given A8's code to call for help 5320 | -7/Zion | Found Prototype Launcher 5320 | -7/Zion | Identified Gui. Missile Launcher 5374 | -7/Zion | Found CR-A16's Pointy Stick 5777 | -7/Zion | Met Imprinter 5897 | -7/Zion | Given the Hacking Drone Bay 5897 | -7/Zion | Found Prototype Device 5977 | -7/Zion | Learned location of Quarantine (-2) 6669 | -7/Zion | Discovered new exit (range 5) 6672 | -7/Zion | Saw the warning signs outside the Deep Caves entrance 6707 | -7/Zion | Entered Deep Caves 6867 | -7/Deep Caves | Z-Facility disabled 6890 | -7/Deep Caves | Attacked by Z-Imprinter 6908 | -7/Deep Caves | Core integrity fell below 50% 6924 | -7/Deep Caves | Core integrity fell below 20% 6929 | -7/Deep Caves | Destroyed by Z-Imprinter with Zionite Laser-M Last Messages --------------- 06799_ Installed Heavy Explosive Trap. 06867_ XJ-KD4(o) destroyed. 06880_ NEW_ZION: Z-Facility proximity alert. Z-Imprinter: GET AWAY FROM HERE! I've worked too hard for our future just to have you ruin everything! 06890_ Lgt. Treads+ destroyed. 06894_ Gui. Missile Launcher destroyed. 06900_ Lgt. Treads+ destroyed. 06903_ Shield Generator destroyed. 06907_ Lgt. Treads+ destroyed. 06909_ The unstable cave ceiling collapses. 06910_ Med. Armor Plating destroyed. 06911_ Hvy. Ion Engine destroyed. 06916_ Imp. Assault Rifle destroyed. 06917_ Lgt. Treads+ destroyed. 06920_ Imp. Assault Rifle destroyed. 06927_ Core Shielding destroyed. 06929_ HV Slug penetrates 2D-BAT(z). 06929_ 2D-BAT(z) suffers critical hit (Destroy). 06929_ Destroyed Prototype Reactor. Map ----- +----------------------------------------------------+ | ???????????????? ^ #?? | | ??????????????? ##### ##?? | | ??????????????? ###???# ## #??? | | ??????????????? ##?????# #???#??? | | ??????????????? #??????# #??????? | | ??????????????? ##?????# #??????? | | ???????????? #?????# #??????? | | ?????????? #?????# #??????? | | ???????? #?????# #??????? | | ???????? ##?????# #??????? | | ??????? ##?????# #??????? | | ??????? % I #?????# #??????? | | ?????? z #?????# #??????? | | ?????? z ##?????# #?####?? | | ?????? ##?????## ### ### | | ????? ##?????# | | ????? ##????# | | ???? #????# # | | ???? #???## ## | | ???? ##???# | | ???? #????# | | ???? ##???## ##### | | ????? #????## ##???# | | ????? ##????### #????? | | ????? #??????####????? | | ????? @ ##?????????????? | | ????? #?????????????? | | ?????? #?????????????? | | ?????? #?????????????? | | ??????? ;#### #?????????????? | | ??????? "###???### #### #?????????????? | | ??????? ?##????????######??## ##?????????????? | | ????????????????????????????## ###??????????????? | | ??????????????????????????????###????????????????? | | ?????????????????????????????????????????????????? | | | | | | | | | | | | | | | | | | | | | | | | | | | | | | | +----------------------------------------------------+ Best States ------------- Heat Dissipation 42 Energy Generation 14 Energy Capacity 280 Matter Stores 300 Matter Capacity 300 Sight Range 16 Terrain Scan Density 10 Armor Coverage 225 Core Shielding 20 Evasion (%) 55 Recoil Reduction 3 Item Schematics ----------------- Fusion Compressor | -7/Zion | Archive Launcher Guidance Computer | -7/Zion | Archive Magnetic Acceleration Cannon | -7/Zion | Archive Microactuators | -7/Zion | Archive Imp. Heavy Armor Plating | -7/Zion | Archive Great Axe | -7/Zion | Archive Adv. Drone Bay | -7/Zion | Archive Drone Bay | -7/Zion | Archive Adv. ECM Suite | -7/Zion | Archive Imp. EM Pulse Cannon | -7/Zion | Archive Flexi-carbon Leg | -7/Zion | Archive Med. Reactive Plating | -7/Zion | Archive Hpw. Shock Rifle | -7/Zion | Archive Component Analysis Suite | -7/Zion | Archive Imp. Component Analysis Suite | -7/Zion | Archive Tiamat Missile Launcher | -7/Zion | Archive Robot Schematics ------------------ M-13 Machinist | -10/Materials | Hacked P-60 Hacker | -7/Zion | Archive W-25 Informer | -7/Zion | Archive S-27 Virus | -7/Zion | Archive Fabricated ------------ Nothing Repaired ---------- Nothing Studied --------- Lgt. Treads | -9/Materials | Hacked Alien Tech Used ----------------- None Achievements -------------- None Challenges ------------ None Game ------ Seed MomentumContainmentRouter Manual? 0 Play Time 00:35:31 Cumulative 276.1 hours Start 2026.01.07 @ 20:28:48 End 2026.01.07 @ 21:02:29 Sessions 1 Manual Loads 0 Difficulty Rogue Special Mode None Game No. 204 Rogue 204 Adventurer 0 Explorer 0 Win Type - Total 9 Types 5/1/1/2/0/0/0/0/0/0 Lore% 79 Gallery% 72 Achievement% 59 Wizard Run 0 Options --------- Layout 0 ASCII 0 Keyboard 1 Movement Numpad Keybinds 0 Fullscreen 1 Font 24/Terminus Map View 76x50 Zoom Use 0% Tactical HUD 1 Map Filters NONE Filters NONE Steam 1 RUN: 0614173a-8adc-4d63-a471-a970436fea00